 Dungeon Crawl Stone Soup version 0.26-a0-672-g1df16c3386 (webtiles) character file.

Game seed: 9174580145412883554

308 somkeydreadnuts the Magician (level 6, -3/32 HPs)
             Began as a Deep Elf Fire Elementalist on Oct 20, 2020.
             Killed by divine providence
             ... invoked by an orc priest
              (11 damage)
             ... on level 4 of the Dungeon.
             The game lasted 00:14:44 (3878 turns).

somkeydreadnuts the Magician (DEFE)                 Turns: 3878, Time: 00:14:46

Health: -3/32      AC:  4    Str:  4 (5)  XL:     6   Next: 16%
Magic:  10/16      EV: 13    Int: 19 (22) God:
Gold:   127        SH:  0    Dex: 15      Spells: 15/16 levels left

rFire    . . .     SeeInvis .   e - +1 dagger
rCold    . . .     Faith    .   (no shield)
rNeg     . . .     Spirit   .   a - +0 robe
rPois    .         Reflect  .   (no helmet)
rElec    .         Harm     .   (no cloak)
rCorr    .         Rampage  .   l - +1 pair of gloves
MR       .....                  (no boots)
Stlth    ++........             (no amulet)
HPRegen  0.10/turn              (no ring)
MPRegen  0.15/turn              (no ring)

@: very slightly contaminated
A: no striking features
a: no special abilities


You were on level 4 of the Dungeon.
You visited 1 branch of the dungeon, and saw 5 of its levels.

You collected 127 gold pieces.

Inventory:

Hand Weapons
 e - a +1 dagger (weapon)
Armour
 a - a +0 robe (worn)
 l - a +1 pair of gloves (worn)
 o - a +0 helmet
Jewellery
 k - a cursed -4 ring of protection {unknown}
Scrolls
 b - a scroll of amnesia {unknown}
 i - 2 scrolls of identify {unknown}
 m - 2 scrolls of teleportation {unknown}
Potions
 c - a potion of degeneration
 d - a potion of lignification
 f - a potion of haste {unknown}
 g - a potion of mutation {unknown}
 h - a potion of might
 j - a potion of curing {unknown}
 n - a potion of heal wounds {unknown}


   Skills:
 + Level 0.8 Short Blades
 - Level 2.5 Dodging
 - Level 2.4 Stealth
 + Level 5.5 Spellcasting
 + Level 3.2 Conjurations
 + Level 5.4 Fire Magic


You had 15 spell levels left.
You knew the following spells:

 Your Spells              Type           Power        Failure   Level
a - Foxfire               Conj/Fire      ###.         1%          1

Your spell library contained the following spells:

 Spells                   Type           Power        Failure   Level
 Conjure Flame            Conj/Fire      ###.....     6%          3
 Inner Flame              Hex/Fire       ###.....     12%         3
 Sticky Flame             Conj/Fire      ###.....     19%         4
 Fireball                 Conj/Fire      ###.......   47%         5


Dungeon Overview and Level Annotations

Branches:
Dungeon (5/15)
 Temple: D:4-7

Altars:

Shops:
D:4 :


Message History

The puff of frost hits you. The white imp gestures at you.
The puff of frost hits you!
* * * LOW HITPOINT WARNING * * *
A leopard gecko zombie comes into view.
There is a stone staircase leading up here.
You climb upwards.
You hear the sound of rushing water.
There is an entrance to a sewer on this level.
Hurry and find it before the portal rusts away!
The orc wizard hits you but does no damage.
The orc priest looks braver for a moment.
The orc closely misses you.
There is a stone staircase leading down here.
Casting: Foxfire (safe; 1% risk of failure)
Confirm with . or Enter, or press ? or * to list all spells.
You conjure some foxfire!
The orc wizard hits you but does no damage.
The orc priest calls down the wrath of Beogh upon you.
Beogh smites you!
You die...

#########################
...............vovo.....#
................@######.#
.#######.........o...##.#
.....# #.....8.#.#....#.#
####.# #.......#.##...#.#
#.....∩...##...#.####
#......##.##...#....#
#.....<#....<..####.# ..#
##'#'#.#..#.#.÷.....#
..####
#....8.[.)....#.####


You could see an orc priest, an orc wizard and an orc.

Vanquished Creatures
  3 orc priests
  An iguana (D:4)
  A worker ant (D:4)
  An orc wizard (D:5)
  7 adders
  A shadow imp (D:3)
  A worm (D:3)
  A leopard gecko (D:3)
  7 orcs
  2 ball pythons (D:3)
  A giant cockroach (D:4)
  11 goblins
  7 hobgoblins
  8 kobolds
  2 quokkas (D:4)
  9 bats
  5 frilled lizards
  4 rats
72 creatures vanquished.

Vanquished Creatures (others)
  208 foxfires
208 creatures vanquished.

Grand Total: 280 creatures vanquished

Notes
Turn   | Place    | Note
-------+----------+-------------------------------------------
     0 | D:1      | somkeydreadnuts the Deep Elf Fire Elementalist began the
                  | quest for the Orb.
     0 | D:1      | Reached XP level 1. HP: 10/10 MP: 6/6
   551 | D:1      | Reached XP level 2. HP: 15/15 MP: 6/8
  1301 | D:2      | Reached XP level 3. HP: 14/19 MP: 5/10
  1966 | D:3      | Reached XP level 4. HP: 22/24 MP: 7/12
  2513 | D:3      | Reached skill level 5 in Fire Magic
  2513 | D:3      | Reached XP level 5. HP: 28/28 MP: 9/14
  3252 | D:4      | Found Joizxiwk's Book Shoppe.
  3310 | D:4      | Reached skill level 5 in Spellcasting
  3452 | D:4      | Reached XP level 6. HP: 6/32 MP: 10/16
  3858 | D:5      | Entered Level 5 of the Dungeon
  3878 | D:4      | Killed from afar by an orc priest

Illustrated notes

Levels and vault maps discovered:
D:1:      matt_arrival_spirals, layout_loops_corners
D:2:      layout_rooms, minivault_11, uniq_crazy_yiuf_cottage
D:3:      layout_loops_ring
D:4:      minmay_recursive_quarters, layout_basic,
          nicolae_overflow_hidden_temple, cheibrodos_sewer_entry_sluice,
          serial_shops, shop_statue, hangedman_abyss_or_decor_slice
D:5:      layout_basic, slow_altar_2, minmay_temple_entry_proselytizer,
          minmay_misc_feat_four_crosses, minmay_bent

Skill      XL: |  1  2  3  4  5 |
---------------+----------------+-----
Fire Magic     | 4 5 |  5.4
Spellcasting   | 4 5 |  5.5
Conjurations   | 2 3 |  3.2
Short Blades   | |  0.8
Dodging        | |  2.5
Stealth        | |  2.4

Action                   |  1- 3 |  4- 6 || total
-------------------------+-------+-------++-------
Melee: Unarmed           |     5 |       ||     5
       Dagger            |     6 |    31 ||    37
 Cast: Foxfire           |    65 |    76 ||   141
  Use: Scroll            |       |     4 ||     4
       Potion            |       |     4 ||     4
 Stab: Sleeping          |     2 |     3 ||     5
Armor: Robe              |     7 |    18 ||    25
Dodge: Dodged            |    47 |    53 ||   100

Table legend: (Time is in decaauts)
 A = Elapsed time spent in this place.
 B = Non-inter-level travel time spent in this place.
 C = Inter-level travel time spent in this place.
 D = Time resting spent in this place.
 E = Time spent auto-exploring this place.
 F = Levels seen in this place.
 G = Mean time per level.
                   A        B        C        D        E       F      G
               +--------+--------+--------+--------+--------+-----+--------+
         Total |   3877 |   3877 |      0 |      0 |   2634 |   5 |  775.4 |
       Dungeon |   3877 |   3877 |      0 |      0 |   2634 |   5 |  775.4 |
               +--------+--------+--------+--------+--------+-----+--------+

Top non-repeatable levels by time:
     D:3: 1640 daAuts
     D:1: 1131 daAuts
     D:2: 720 daAuts
     D:4: 366 daAuts
     D:5: 18 daAuts
